[Event "45th FIDE Womens Olympiad 2024"]
[Site "Budapest"]
[Date "2024.09.13"]
[Round "3.221"]
[White "Cordero, Daniela"]
[Black "Beukes Jamie-Nicole"]
[Result "1-0"]
[ECO "E01"]
[WhiteElo "2017"]
[BlackElo "1735"]
[Annotator "NA RC"]
[PlyCount "67"]
[EventDate "2024.09.05"]
[EventType "team-tourn"]
[EventCountry "HUN"]
[SourceTitle "playchess.com"]
[Source "ChessBase"]
[SourceQuality "1"]
[WhiteTeam "Bolivia"]
[BlackTeam "Namibia"]
[WhiteTeamCountry "BOL"]
[BlackTeamCountry "NAM"]
[TimeControl "40/5400+30:1800+30"]

1. d4 d5 2. Nf3 Nf6 3. c4 e6 4. g3 dxc4 5. Qa4+ Bd7 6. Qxc4 c5 7. dxc5 Qc7 8. Be3 b5 9. Qc2 a5 10. Bg2 Na6 11. Nd4 Nb4 12. Qc1 Rc8 13. c6 Nxc6 14. Nxb5 Qe5 15. N1c3 Bb4 16. O-O O-O 17. a3 Be7 18. h3 Rfd8 19. Bf4 Qf5 20. e4 Qg6 21. Bc7 Rf8 22. Qe3 Ne8 23. Bb6 Ne5 24. b3 Bf6 25. Bc5 Bxb5 26. Nxb5 Nd7 27. Bd4 Rb8 28. a4 Rb7 29. e5 Bxe5 30. Bxb7 Bb8 31. Rac1 Nd6 32. Nxd6 Bxd6 33. Rfd1 Nf6 34. Bxf6 1-0

[Event "45th FIDE Womens Olympiad 2024"]
[Site "Budapest"]
[Date "2024.09.13"]
[Round "3.222"]
[White "Nepando, Jolly"]
[Black "Monroy G., Nataly A."]
[Result "0-1"]
[ECO "B23"]
[WhiteElo "1642"]
[BlackElo "1939"]
[Annotator "NA RC"]
[PlyCount "76"]
[EventDate "2024.09.05"]
[EventType "team-tourn"]
[EventCountry "HUN"]
[SourceTitle "playchess.com"]
[Source "ChessBase"]
[SourceQuality "1"]
[WhiteTeam "Namibia"]
[BlackTeam "Bolivia"]
[WhiteTeamCountry "NAM"]
[BlackTeamCountry "BOL"]
[TimeControl "40/5400+30:1800+30"]

1. e4 c5 2. Nc3 g6 3. f4 Bg7 4. Nf3 e6 5. Bb5 Ne7 6. d4 cxd4 7. Nxd4 O-O 8. Be3 a6 9. Ba4 b5 10. Bb3 Bb7 11. a3 d5 12. e5 Nd7 13. O-O Qc7 14. Qd2 Nc6 15. Nce2 Na5 16. c3 Nc4 17. Bxc4 dxc4 18. a4 bxa4 19. Rxa4 Nb6 20. Raa1 Rad8 21. Qc2 Nd5 22. Bf2 Bh6 23. Bh4 Ne3 24. Bxd8 Qxd8 25. Qc1 Nxf1 26. Qxf1 Qb6 27. Qb1 Qc5 28. Kf1 Qd5 29. Nf3 Rd8 30. Ned4 Bxf4 31. g3 Bxe5 32. Kf2 Bxd4+ 33. Nxd4 Qg2+ 34. Ke1 Qg1+ 35. Ke2 Qxh2+ 36. Ke3 Qxg3+ 37. Ke2 e5 38. Nf5 Qg4+ 0-1

[Event "45th FIDE Womens Olympiad 2024"]
[Site "Budapest"]
[Date "2024.09.13"]
[Round "3.223"]
[White "Yepez Montenegro, Gloria Luz"]
[Black "Van Wyk, Keisha C"]
[Result "1-0"]
[ECO "A45"]
[WhiteElo "1818"]
[BlackElo "1599"]
[Annotator "NA"]
[PlyCount "67"]
[EventDate "2024.09.05"]
[EventType "team-tourn"]
[EventCountry "HUN"]
[SourceTitle "playchess.com"]
[Source "ChessBase"]
[SourceQuality "1"]
[WhiteTeam "Bolivia"]
[BlackTeam "Namibia"]
[WhiteTeamCountry "BOL"]
[BlackTeamCountry "NAM"]
[TimeControl "40/5400+30:1800+30"]

1. d4 Nf6 2. Bf4 d6 3. Nc3 Bf5 4. f3 Nc6 5. e4 Bd7 6. Be3 a6 7. Qd2 e6 8. Be2 Be7 9. g4 Ng8 10. O-O-O b5 11. f4 b4 12. Nb1 d5 13. exd5 exd5 14. Bf3 Nf6 15. Qg2 Bc8 16. g5 Ne4 17. Bxe4 dxe4 18. Qxe4 Bb7 19. d5 Na5 20. Bc5 b3 21. axb3 O-O 22. Bxe7 Re8 23. Bxd8 Rxe4 24. Bxc7 Nxb3+ 25. cxb3 Rc8 26. d6 Re3 27. Nc3 Bxh1 28. d7 Rf8 29. d8=Q Ree8 30. Qd4 Rc8 31. Be5 Rc6 32. Bxg7 Rfc8 33. Bh6 Bd5 34. Qg7# 1-0

[Event "45th FIDE Womens Olympiad 2024"]
[Site "Budapest"]
[Date "2024.09.13"]
[Round "3.225"]
[White "Ortez, Andrea"]
[Black "Bouzana, Christina"]
[Result "1-0"]
[ECO "B22"]
[WhiteElo "1948"]
[BlackElo "1644"]
[Annotator "NA RC"]
[PlyCount "99"]
[EventDate "2024.09.05"]
[EventType "team-tourn"]
[EventCountry "HUN"]
[SourceTitle "playchess.com"]
[Source "ChessBase"]
[SourceQuality "1"]
[WhiteTeam "El Salvador"]
[BlackTeam "Cyprus"]
[WhiteTeamCountry "ESA"]
[BlackTeamCountry "CYP"]
[TimeControl "40/5400+30:1800+30"]

1. e4 c5 2. c3 Nf6 3. e5 Nd5 4. Nf3 Nc6 5. d4 cxd4 6. cxd4 d6 7. Bc4 e6 8. O-O Qc7 9. Qe2 Be7 10. Nc3 Nxc3 11. bxc3 dxe5 12. dxe5 O-O 13. Bd3 Rd8 14. Qe4 g6 15. Bh6 b6 16. Rad1 Bb7 17. Qf4 Bf8 18. Bg5 Be7 19. Bh6 Bf8 20. Rfe1 Bg7 21. h4 Ne7 22. Bxg7 Kxg7 23. h5 Nd5 24. h6+ Kg8 25. Qg5 Qe7 26. Qc1 Rac8 27. c4 b5 28. Be4 Rxc4 29. Qd2 Rdc8 30. Rc1 a6 31. Bd3 Rxc1 32. Rxc1 Rxc1+ 33. Qxc1 Qc7 34. Qg5 Qe7 35. Qd2 Nb6 36. Ng5 Nd7 37. Qe3 Nc5 38. Be2 Bd5 39. Bf3 Bxa2 40. Qa3 Bd5 41. Qe3 Nd7 42. Bxd5 exd5 43. Nf3 Qe6 44. Qc3 Nf8 45. Qc7 Qd7 46. Qb6 Qe6 47. Qc7 b4 48. Ng5 Qf5 49. e6 Nxe6 50. Nxe6 1-0

[Event "45th FIDE Womens Olympiad 2024"]
[Site "Budapest"]
[Date "2024.09.13"]
[Round "3.226"]
[White "Sokolova, Larisa"]
[Black "Garcia, Angie"]
[Result "1-0"]
[ECO "C06"]
[WhiteElo "1705"]
[BlackElo "2015"]
[Annotator "NA RC"]
[PlyCount "71"]
[EventDate "2024.09.05"]
[EventType "team-tourn"]
[EventCountry "HUN"]
[SourceTitle "playchess.com"]
[Source "ChessBase"]
[SourceQuality "1"]
[WhiteTeam "Cyprus"]
[BlackTeam "El Salvador"]
[WhiteTeamCountry "CYP"]
[BlackTeamCountry "ESA"]
[TimeControl "40/5400+30:1800+30"]

1. e4 e6 2. d4 d5 3. Nd2 Nf6 4. e5 Nfd7 5. Bd3 c5 6. c3 Nc6 7. Ne2 cxd4 8. cxd4 f6 9. f4 fxe5 10. fxe5 Nxd4 11. O-O Bc5 12. Nxd4 Bxd4+ 13. Kh1 g6 14. Qg4 Qb6 15. Nb3 Bxe5 16. Bd2 Nf6 17. Qg5 Qd6 18. Bb4 Qxb4 19. Qxe5 Rf8 20. Rxf6 Bd7 21. Rxf8+ Qxf8 22. Rf1 Qg8 23. Nd4 Rc8 24. h3 a6 25. Re1 Ke7 26. Qxd5 b6 27. Qg5+ Kd6 28. Bxa6 Rc5 29. Qg3+ Ke7 30. Qb3 Qf7 31. Qxb6 Rd5 32. Bc4 Rd6 33. Qb4 Qf4 34. Nxe6 Bxe6 35. Rxe6+ Kd7 36. Qb7+ 1-0

[Event "45th FIDE Womens Olympiad 2024"]
[Site "Budapest"]
[Date "2024.09.13"]
[Round "3.227"]
[White "Vasquez Vasquez, Marielos"]
[Black "Pica, Eleni"]
[Result "1/2-1/2"]
[ECO "E04"]
[WhiteElo "1844"]
[BlackElo "1609"]
[Annotator "NA RC"]
[PlyCount "136"]
[EventDate "2024.09.05"]
[EventType "team-tourn"]
[EventCountry "HUN"]
[SourceTitle "playchess.com"]
[Source "ChessBase"]
[SourceQuality "1"]
[WhiteTeam "El Salvador"]
[BlackTeam "Cyprus"]
[WhiteTeamCountry "ESA"]
[BlackTeamCountry "CYP"]
[TimeControl "40/5400+30:1800+30"]

1. d4 Nf6 2. c4 e6 3. Nf3 d5 4. g3 dxc4 5. Bg2 Bb4+ 6. Bd2 c5 7. e3 O-O 8. O-O Nc6 9. Bxb4 cxb4 10. Nbd2 Rb8 11. Nxc4 b5 12. Nce5 Nxe5 13. Nxe5 Bb7 14. Nc6 Bxc6 15. Bxc6 Nd5 16. Rc1 Ne7 17. Be4 Rc8 18. Qd3 f5 19. Bg2 Qb6 20. Qb3 a5 21. d5 a4 22. Qxb4 Nxd5 23. Bxd5 exd5 24. Rfd1 Qb7 25. b3 axb3 26. Qxb3 Rc4 27. Rb1 Rb8 28. Qd3 g6 29. Qxd5+ Qxd5 30. Rxd5 b4 31. Rd2 Rc3 32. Rdb2 Ra3 33. Rxb4 Rxb4 34. Rxb4 Rxa2 35. Rb7 Rd2 36. Kg2 Ra2 37. h3 h6 38. Kf3 Rc2 39. g4 Rc5 40. Kg3 Ra5 41. gxf5 Rxf5 42. h4 Re5 43. Kg4 Re4+ 44. Kg3 h5 45. Rb3 Rg4+ 46. Kh3 Rg1 47. Rb4 Re1 48. Kg3 Rg1+ 49. Kf3 Kf7 50. Rf4+ Ke6 51. Ke4 Ra1 52. Kd3 Ra3+ 53. Ke2 Ra2+ 54. Kf3 Ra3 55. Rb4 Kf5 56. Rb5+ Ke6 57. Kf4 Ra1 58. f3 Rh1 59. Kg3 Rg1+ 60. Kh2 Ra1 61. e4 Ra6 62. Kg3 Ra1 63. Rb3 Rg1+ 64. Kh2 Ra1 65. Kg3 Rg1+ 66. Kh2 Ra1 67. Kg3 Rg1+ 68. Kh2 Ra1 1/2-1/2

[Event "45th FIDE Womens Olympiad 2024"]
[Site "Budapest"]
[Date "2024.09.13"]
[Round "3.228"]
[White "Sokolova, Victoria"]
[Black "Zavala Galindo, Alejandra Beatriz"]
[Result "0-1"]
[ECO "B06"]
[WhiteElo "1682"]
[BlackElo "1870"]
[Annotator "NA RC"]
[PlyCount "104"]
[EventDate "2024.09.05"]
[EventType "team-tourn"]
[EventCountry "HUN"]
[SourceTitle "playchess.com"]
[Source "ChessBase"]
[SourceQuality "1"]
[WhiteTeam "Cyprus"]
[BlackTeam "El Salvador"]
[WhiteTeamCountry "CYP"]
[BlackTeamCountry "ESA"]
[TimeControl "40/5400+30:1800+30"]

1. e4 g6 2. d4 Bg7 3. Nf3 c6 4. h4 h5 5. Nc3 d5 6. exd5 cxd5 7. Bb5+ Bd7 8. Bf4 Bxb5 9. Nxb5 Qa5+ 10. Nc3 Nc6 11. O-O Nh6 12. Bxh6 Bxh6 13. Qd3 O-O 14. a3 e6 15. Ne5 Bg7 16. Nxc6 bxc6 17. Rfd1 c5 18. Qb5 Qd8 19. Qxc5 Qxh4 20. g3 Qg4 21. Rd3 Rfc8 22. Qd6 Bxd4 23. Rxd4 Qxd4 24. Rd1 Qg7 25. Rd2 Rc4 26. Nd1 Rd4 27. Rd3 Rxd3 28. cxd3 Qd4 29. Qc6 Rb8 30. Qc2 Kg7 31. Kf1 g5 32. b4 h4 33. Kg2 hxg3 34. fxg3 Rh8 35. Qb2 Qxb2+ 36. Nxb2 Rc8 37. Na4 Rc2+ 38. Kf3 Ra2 39. Nc5 Rxa3 40. Kg4 Kg6 41. Nd7 f5+ 42. Kh3 Rb3 43. Ne5+ Kf6 44. Nc6 Rxd3 45. Nxa7 f4 46. b5 Rxg3+ 47. Kh2 Rb3 48. Kg2 g4 49. Kf2 g3+ 50. Kg2 Rb2+ 51. Kg1 f3 52. Nc6 Rb1# 0-1

[Event "45th FIDE Womens Olympiad 2024"]
[Site "Budapest"]
[Date "2024.09.13"]
[Round "3.229"]
[White "Hamadeh, Sally"]
[Black "Mayorga Araya, Sofia"]
[Result "0-1"]
[ECO "B34"]
[WhiteElo "1557"]
[BlackElo "2059"]
[Annotator "NA RC"]
[PlyCount "130"]
[EventDate "2024.09.05"]
[EventType "team-tourn"]
[EventCountry "HUN"]
[SourceTitle "playchess.com"]
[Source "ChessBase"]
[SourceQuality "1"]
[WhiteTeam "Lebanon"]
[BlackTeam "Costa Rica"]
[WhiteTeamCountry "LBN"]
[BlackTeamCountry "CRI"]
[TimeControl "40/5400+30:1800+30"]

1. e4 c5 2. Nf3 Nc6 3. d4 cxd4 4. Nxd4 g6 5. Nc3 Bg7 6. Be3 Nf6 7. Be2 O-O 8. O-O d5 9. exd5 Nxd5 10. Nxd5 Qxd5 11. Bf3 Qc4 12. Nxc6 bxc6 13. c3 Bf5 14. b3 Qa6 15. Qc1 Bd3 16. Rd1 Rfd8 17. Bh6 Bh8 18. Qd2 Qb6 19. Rac1 Bf5 20. Qe2 Rxd1+ 21. Rxd1 Qc7 22. Qc4 Rc8 23. Qxc6 Qxc6 24. Bxc6 Bxc3 25. Bb7 Rb8 26. Ba6 Be5 27. Be3 h5 28. Bc5 Bf6 29. b4 Be6 30. a3 Bb2 31. Rd3 Be5 32. a4 Bd6 33. Bxd6 exd6 34. b5 Rd8 35. a5 Bc4 36. Rc3 d5 37. f4 Rb8 38. Rc2 Kf8 39. Kf2 Ke7 40. Ke3 Kd6 41. Rb2 Kc5 42. Rc2 Kb4 43. Kd4 Kxa5 44. Kc5 Ka4 45. Kc6 Rb6+ 46. Kc5 Bxb5 47. Bxb5+ Rxb5+ 48. Kc6 Rb4 49. Kxd5 Rxf4 50. Ra2+ Kb3 51. Rxa7 Kc2 52. Ke5 Rf5+ 53. Ke4 Kd2 54. Ra2+ Ke1 55. Ke3 Kf1 56. h3 h4 57. Rb2 Rg5 58. Kf3 Rg3+ 59. Kf4 Kg1 60. Ra2 Rxg2 61. Ra1+ Kh2 62. Ra3 Rg3 63. Ra1 Kxh3 64. Rh1+ Kg2 65. Rxh4 g5+ 0-1

[Event "45th FIDE Womens Olympiad 2024"]
[Site "Budapest"]
[Date "2024.09.13"]
[Round "3.230"]
[White "Rodriguez Arrieta, Maria Elena"]
[Black "Fawaz, Nadia"]
[Result "1-0"]
[ECO "C00"]
[WhiteElo "1941"]
[BlackElo "1747"]
[Annotator "NA RC"]
[PlyCount "63"]
[EventDate "2024.09.05"]
[EventType "team-tourn"]
[EventCountry "HUN"]
[SourceTitle "playchess.com"]
[Source "ChessBase"]
[SourceQuality "1"]
[WhiteTeam "Costa Rica"]
[BlackTeam "Lebanon"]
[WhiteTeamCountry "CRI"]
[BlackTeamCountry "LBN"]
[TimeControl "40/5400+30:1800+30"]

1. e4 c5 2. Nf3 e6 3. d3 Nc6 4. g3 d5 5. Nbd2 Qc7 6. Bg2 Nf6 7. O-O Be7 8. Re1 O-O 9. Qe2 b5 10. e5 Nd7 11. Nf1 Bb7 12. h4 a5 13. Bf4 a4 14. Ne3 Rfc8 15. Nxd5 exd5 16. e6 Bd6 17. exd7 Qxd7 18. Bh3 Qxh3 19. Bxd6 h6 20. d4 Nxd4 21. Nxd4 cxd4 22. Qd3 Ra6 23. Re7 Bc6 24. Qf3 Be8 25. Rae1 Rxd6 26. Rxe8+ Rxe8 27. Rxe8+ Kh7 28. Qxf7 Qg4 29. Qg8+ Kg6 30. Re7 Kh5 31. Rxg7 Qe6 32. Rg5+ 1-0

[Event "45th FIDE Womens Olympiad 2024"]
[Site "Budapest"]
[Date "2024.09.13"]
[Round "3.231"]
[White "Attieh, Skye"]
[Black "Acevedo Mendez, Jennifer"]
[Result "0-1"]
[ECO "C90"]
[WhiteElo "1675"]
[BlackElo "1836"]
[Annotator "NA"]
[PlyCount "64"]
[EventDate "2024.09.05"]
[EventType "team-tourn"]
[EventCountry "HUN"]
[SourceTitle "playchess.com"]
[Source "ChessBase"]
[SourceQuality "1"]
[WhiteTeam "Lebanon"]
[BlackTeam "Costa Rica"]
[WhiteTeamCountry "LBN"]
[BlackTeamCountry "CRI"]
[TimeControl "40/5400+30:1800+30"]

1. e4 e5 2. Nf3 Nc6 3. Bc4 Be7 4. O-O Nf6 5. d3 O-O 6. Re1 d6 7. c3 Na5 8. Bb5 a6 9. Ba4 b5 10. Bc2 c5 11. Nbd2 Qc7 12. Nf1 Nc6 13. h3 h6 14. Ng3 Nh7 15. Be3 Qd8 16. d4 cxd4 17. cxd4 Ng5 18. Nxg5 Bxg5 19. dxe5 Bxe3 20. Rxe3 dxe5 21. Rd3 Qg5 22. Bb3 Nd4 23. Bd5 Rb8 24. Ne2 Ne6 25. Rc1 Nf4 26. Nxf4 exf4 27. Qb3 f3 28. Rxf3 Qxc1+ 29. Kh2 Qc7+ 30. Rg3 Rb6 31. Qb4 Rg6 32. Qd2 Rxg3 0-1

[Event "45th FIDE Womens Olympiad 2024"]
[Site "Budapest"]
[Date "2024.09.13"]
[Round "3.232"]
[White "Canales Chinchilla, Victoria"]
[Black "Darweeche, Roaa"]
[Result "1-0"]
[ECO "C06"]
[WhiteElo "1825"]
[BlackElo "1557"]
[Annotator "NA"]
[PlyCount "89"]
[EventDate "2024.09.05"]
[EventType "team-tourn"]
[EventCountry "HUN"]
[SourceTitle "playchess.com"]
[Source "ChessBase"]
[SourceQuality "1"]
[WhiteTeam "Costa Rica"]
[BlackTeam "Lebanon"]
[WhiteTeamCountry "CRI"]
[BlackTeamCountry "LBN"]
[TimeControl "40/5400+30:1800+30"]

1. e4 e6 2. d4 d5 3. Nd2 Nf6 4. e5 Nfd7 5. Bd3 c5 6. c3 b6 7. Ne2 Ba6 8. Nf3 h6 9. b3 Bxd3 10. Qxd3 Nc6 11. a3 a6 12. O-O b5 13. b4 c4 14. Qc2 Nb6 15. Be3 Be7 16. Nd2 a5 17. f4 g6 18. Nf3 Kd7 19. g3 Qc7 20. Kg2 Ra7 21. h3 Rha8 22. Qb2 Ra6 23. Rfb1 Qa7 24. bxa5 Rxa5 25. Bc1 Ke8 26. g4 Kf8 27. f5 gxf5 28. gxf5 Ke8 29. f6 Bf8 30. Kg3 Kd7 31. Nf4 b4 32. cxb4 Nxb4 33. Bd2 Ra4 34. Bxb4 Bxb4 35. Qc2 Rxa3 36. Rxa3 Qxa3 37. Qh7 Rf8 38. Kg4 c3 39. Nxe6 c2 40. Nxf8+ Ke8 41. Qxc2 Kxf8 42. Qc7 h5+ 43. Kh4 Kg8 44. Rg1+ Kh8 45. Qxf7 1-0

[Event "45th FIDE Womens Olympiad 2024"]
[Site "Budapest"]
[Date "2024.09.13"]
[Round "3.233"]
[White "Camp, Imogen A L"]
[Black "Lieketseng, Ngatane"]
[Result "1-0"]
[ECO "D46"]
[WhiteElo "1923"]
[BlackElo "1651"]
[Annotator "NA RC"]
[PlyCount "67"]
[EventDate "2024.09.05"]
[EventType "team-tourn"]
[EventCountry "HUN"]
[SourceTitle "playchess.com"]
[Source "ChessBase"]
[SourceQuality "1"]
[WhiteTeam "Wales"]
[BlackTeam "Lesotho"]
[WhiteTeamCountry "WLS"]
[BlackTeamCountry "LES"]
[TimeControl "40/5400+30:1800+30"]

1. d4 d5 2. c4 c6 3. Nf3 e6 4. e3 Nf6 5. Nc3 Bd6 6. Qc2 Nbd7 7. Bd3 O-O 8. O-O h6 9. e4 dxe4 10. Nxe4 Nxe4 11. Bxe4 Nf6 12. Bd3 b6 13. Re1 c5 14. dxc5 Bxc5 15. Bf4 Bb7 16. Rad1 Qe7 17. Qe2 Rad8 18. a3 a5 19. Ne5 Bd4 20. Bb1 Qc5 21. Bg3 Rfe8 22. Rd2 Bxe5 23. Rxd8 Rxd8 24. Bxe5 Ne8 25. h3 f6 26. Bc3 e5 27. Qg4 Qe7 28. b4 axb4 29. Bxb4 Qf7 30. Bg6 Qc7 31. Qe6+ Kh8 32. Bxe8 Bc8 33. Qf7 Rxe8 34. Qxc7 1-0

[Event "45th FIDE Womens Olympiad 2024"]
[Site "Budapest"]
[Date "2024.09.13"]
[Round "3.234"]
[White "Boitumelo Sethabathaba"]
[Black "Smith, Lynda"]
[Result "0-1"]
[ECO "A83"]
[WhiteElo "1571"]
[BlackElo "1831"]
[Annotator "NA"]
[PlyCount "121"]
[EventDate "2024.09.05"]
[EventType "team-tourn"]
[EventCountry "HUN"]
[SourceTitle "playchess.com"]
[Source "ChessBase"]
[SourceQuality "1"]
[WhiteTeam "Lesotho"]
[BlackTeam "Wales"]
[WhiteTeamCountry "LES"]
[BlackTeamCountry "WLS"]
[TimeControl "40/5400+30:1800+30"]

1. d4 f5 2. e4 fxe4 3. Nc3 Nf6 4. Bg5 b6 5. Bxf6 exf6 6. Qh5+ g6 7. Qd5 c6 8. Qxe4+ Qe7 9. O-O-O d5 10. Qxe7+ Bxe7 11. Re1 Kf7 12. Bd3 Ba6 13. Bxa6 Nxa6 14. a3 Bd6 15. g3 Rhe8 16. Nf3 Nc7 17. Kd2 Bf8 18. Kd1 Bh6 19. Re2 Re6 20. Rhe1 Rae8 21. Rxe6 Rxe6 22. Rxe6 Kxe6 23. a4 Ne8 24. b3 Nd6 25. Nd2 Kf5 26. h3 Bxd2 27. Kxd2 Ne4+ 28. Nxe4 Kxe4 29. Kc3 Kf3 30. Kb4 a5+ 31. Ka3 Kxf2 32. c4 Kxg3 33. c5 bxc5 34. dxc5 f5 35. b4 axb4+ 36. Kxb4 f4 37. a5 f3 38. a6 f2 39. a7 f1=Q 40. a8=Q Qc4+ 41. Ka3 Qxc5+ 42. Kb2 Qf2+ 43. Kc1 Qe1+ 44. Kc2 Qe2+ 45. Kc1 Kxh3 46. Qc8+ Qg4 47. Qf8 Kg3 48. Qa3+ Qf3 49. Qe7 Qf4+ 50. Kb2 h5 51. Qe6 Qf2+ 52. Kb3 Qf3+ 53. Kb2 Kh2 54. Qxc6 g5 55. Qc7+ Kh3 56. Qe5 h4 57. Ka1 g4 58. Qe6 Kg2 59. Kb2 h3 60. Kc1 h2 61. Qh6 0-1

[Event "45th FIDE Womens Olympiad 2024"]
[Site "Budapest"]
[Date "2024.09.13"]
[Round "3.235"]
[White "Chong, Kimberly"]
[Black "lintle molise"]
[Result "1-0"]
[ECO "B09"]
[WhiteElo "1779"]
[BlackElo "1583"]
[Annotator "NA"]
[PlyCount "78"]
[EventDate "2024.09.05"]
[EventType "team-tourn"]
[EventCountry "HUN"]
[SourceTitle "playchess.com"]
[Source "ChessBase"]
[SourceQuality "1"]
[WhiteTeam "Wales"]
[BlackTeam "Lesotho"]
[WhiteTeamCountry "WLS"]
[BlackTeamCountry "LES"]
[TimeControl "40/5400+30:1800+30"]

1. e4 d6 2. d4 Nf6 3. Nc3 g6 4. Bd3 Bg7 5. f4 e6 6. Nf3 a6 7. Be3 Nbd7 8. Qe2 Qe7 9. O-O O-O 10. f5 exf5 11. exf5 Nb6 12. fxg6 hxg6 13. Qd2 Nbd5 14. Bg5 Nxc3 15. bxc3 Qe8 16. Rae1 Qc6 17. Bh6 Be6 18. Bxg7 Kxg7 19. Bxg6 Rae8 20. Bd3 Qd5 21. Ne5 Rg8 22. Qg5+ Kf8 23. Qh6+ Rg7 24. Ng6+ fxg6 25. Rxf6+ Kg8 26. Rxg6 Rxg6 27. Qxg6+ Kf8 28. Qh7 c5 29. Rf1+ Bf7 30. Bg6 Ke7 31. Rxf7+ Kd8 32. Rd7+ Kc8 33. Rc7+ Kb8 34. Bxe8 cxd4 35. Rxb7+ Qxb7 36. Qxb7+ Kxb7 37. cxd4 Kb6 38. Ba4 Ka5 39. Bb3 Kb4 1-0

[Event "45th FIDE Womens Olympiad 2024"]
[Site "Budapest"]
[Date "2024.09.13"]
[Round "3.236"]
[White "Thetsane, Nteboheleng"]
[Black "Kong, Emma Zihan"]
[Result "1/2-1/2"]
[ECO "B90"]
[WhiteElo "1645"]
[BlackElo "1747"]
[Annotator "NA"]
[PlyCount "136"]
[EventDate "2024.09.05"]
[EventType "team-tourn"]
[EventCountry "HUN"]
[SourceTitle "playchess.com"]
[Source "ChessBase"]
[SourceQuality "1"]
[WhiteTeam "Lesotho"]
[BlackTeam "Wales"]
[WhiteTeamCountry "LES"]
[BlackTeamCountry "WLS"]
[TimeControl "40/5400+30:1800+30"]

1. e4 c5 2. Nf3 d6 3. d4 cxd4 4. Nxd4 Nf6 5. Nc3 a6 6. Bd3 e6 7. h3 Nc6 8. Nb3 h5 9. Bg5 Be7 10. a3 d5 11. exd5 Nxd5 12. Bxe7 Ncxe7 13. Ne2 Bd7 14. Qd2 Qb6 15. O-O e5 16. Rfe1 Qf6 17. Nc5 Bc6 18. Ne4 Qh6 19. Rad1 Qxd2 20. Rxd2 f5 21. Nd6+ Kf8 22. Nxf5 Nxf5 23. Bxf5 Ne7 24. Be6 Rh6 25. Bb3 Rg6 26. g3 Nf5 27. c3 Nh4 28. Bd5 Bxd5 29. Rxd5 Nf3+ 30. Kf1 Nxe1 31. Kxe1 Re8 32. Nc1 Rb6 33. Nd3 e4 34. Nb4 g6 35. Ke2 Kf7 36. Rd7+ Ke6 37. Rg7 Kf5 38. Rf7+ Ke6 39. Rg7 Ke5 40. Rd7 Ke6 41. Rg7 Ke5 42. Rd7 Rb8 43. Rd5+ Ke6 44. Rd4 Rb5 45. Rxe4+ Re5 46. Rxe5+ Kxe5 47. Nd3+ Kf5 48. Nc5 Re8+ 49. Kd2 Re7 50. Nb3 g5 51. Nd4+ Kf6 52. Nc2 h4 53. g4 Ke5 54. Ne3 Rf7 55. Ke2 Rf6 56. Nc4+ Kd5 57. Nd2 Ke5 58. Ke3 Re6 59. Nf3+ Kf6+ 60. Kd2 Rd6+ 61. Kc2 b5 62. Nd4 Ke5 63. Nf3+ Kf4 64. Nd4 Rd5 65. Kd3 Re5 66. Kd2 a5 67. Nc6 Re6 68. Nd4 Re5 1/2-1/2

[Event "45th FIDE Womens Olympiad 2024"]
[Site "Budapest"]
[Date "2024.09.13"]
[Round "3.237"]
[White "Castillo Beitia, Ashley Alexandra"]
[Black "Gertrude Banini"]
[Result "1/2-1/2"]
[ECO "D13"]
[WhiteElo "2071"]
[BlackElo "1712"]
[Annotator "NA RC"]
[PlyCount "114"]
[EventDate "2024.09.05"]
[EventType "team-tourn"]
[EventCountry "HUN"]
[SourceTitle "playchess.com"]
[Source "ChessBase"]
[SourceQuality "1"]
[WhiteTeam "Panama"]
[BlackTeam "Ghana"]
[WhiteTeamCountry "PAN"]
[BlackTeamCountry "GHA"]
[TimeControl "40/5400+30:1800+30"]

1. d4 d5 2. c4 c6 3. Nc3 Nf6 4. Nf3 a6 5. cxd5 cxd5 6. Bf4 Nc6 7. e3 Bg4 8. Bd3 e6 9. h3 Bh5 10. g4 Bg6 11. Ne5 Bxd3 12. Qxd3 Bd6 13. Bg3 Rc8 14. f4 Bb4 15. Bh4 Qa5 16. O-O Bxc3 17. bxc3 Nxe5 18. fxe5 Ne4 19. Be1 Rc4 20. Rf4 b5 21. Rxe4 dxe4 22. Qxe4 O-O 23. h4 Qa3 24. Qc2 Rb8 25. Qb3 Ra4 26. Qc2 h6 27. g5 hxg5 28. hxg5 b4 29. g6 b3 30. gxf7+ Kxf7 31. axb3 Qxa1 32. Qf2+ Kg8 33. bxa4 Qxa4 34. Qh4 Qc6 35. e4 a5 36. Qe7 a4 37. Bh4 Re8 38. Qa7 Ra8 39. Qe7 Qe8 40. Qa3 Qg6+ 41. Kh2 Qxe4 42. Qe7 Qf4+ 43. Bg3 Qf7 44. Qa3 Qf8 45. Qa2 Qf7 46. Qa3 Qd7 47. Bh4 Qd5 48. Qe7 Rf8 49. Qa7 Qc6 50. Qe7 Rf3 51. Bg3 Rxc3 52. d5 exd5 53. e6 Rf3 54. Qd8+ Kh7 55. Qh4+ Kg8 56. Qd8+ Kh7 57. Qh4+ Kg8 1/2-1/2

[Event "45th FIDE Womens Olympiad 2024"]
[Site "Budapest"]
[Date "2024.09.13"]
[Round "3.238"]
[White "Benson, Maud"]
[Black "Vasquez Jaen, Lourdes Lorena"]
[Result "1/2-1/2"]
[ECO "A60"]
[WhiteElo "1682"]
[BlackElo "1821"]
[Annotator "NA"]
[PlyCount "73"]
[EventDate "2024.09.05"]
[EventType "team-tourn"]
[EventCountry "HUN"]
[SourceTitle "playchess.com"]
[Source "ChessBase"]
[SourceQuality "1"]
[WhiteTeam "Ghana"]
[BlackTeam "Panama"]
[WhiteTeamCountry "GHA"]
[BlackTeamCountry "PAN"]
[TimeControl "40/5400+30:1800+30"]

1. d4 Nf6 2. c4 c5 3. d5 e6 4. Nc3 exd5 5. cxd5 d6 6. Qc2 g6 7. e3 Bg7 8. Bd3 Na6 9. a3 Nc7 10. e4 O-O 11. Nge2 Ng4 12. Bf4 f5 13. exf5 Bxf5 14. Bg3 b5 15. O-O a5 16. Bxf5 Rxf5 17. Nf4 Qd7 18. Qe2 Nh6 19. Rad1 Re8 20. Qd2 b4 21. axb4 axb4 22. Nce2 g5 23. Nh3 Rxd5 24. Qc2 Qb5 25. Rxd5 Nxd5 26. Nxg5 Rxe2 27. Qxh7+ Kf8 28. Bxd6+ Ne7 29. Ra1 Qa6 30. Bxe7+ Rxe7 31. Rd1 Bd4 32. Qb1 Qe2 33. Rf1 Bxb2 34. Qg6 Bg7 35. Nh7+ Kg8 36. Nf6+ Kf8 37. Nh7+ 1/2-1/2

[Event "45th FIDE Womens Olympiad 2024"]
[Site "Budapest"]
[Date "2024.09.13"]
[Round "3.239"]
[White "Caicedo Rios, Layla Yasmira"]
[Black "Felix, Tobi"]
[Result "1/2-1/2"]
[ECO "B17"]
[WhiteElo "1803"]
[BlackElo "1677"]
[Annotator "NA"]
[PlyCount "74"]
[EventDate "2024.09.05"]
[EventType "team-tourn"]
[EventCountry "HUN"]
[SourceTitle "playchess.com"]
[Source "ChessBase"]
[SourceQuality "1"]
[WhiteTeam "Panama"]
[BlackTeam "Ghana"]
[WhiteTeamCountry "PAN"]
[BlackTeamCountry "GHA"]
[TimeControl "40/5400+30:1800+30"]

1. e4 c6 2. Nc3 d5 3. Nf3 dxe4 4. Nxe4 Nd7 5. d4 Ngf6 6. Nxf6+ Nxf6 7. c3 Bf5 8. Bd3 Bxd3 9. Qxd3 e6 10. O-O Bd6 11. Re1 O-O 12. Ne5 Qc7 13. Qh3 c5 14. Nf3 cxd4 15. Nxd4 Qc5 16. Be3 Qh5 17. Qxh5 Nxh5 18. Rad1 Bf4 19. g3 Bxe3 20. Rxe3 Rfd8 21. Red3 a6 22. Nb3 Rxd3 23. Rxd3 Nf6 24. Nc5 Kf8 25. Nxb7 Nd5 26. Nc5 a5 27. Kf1 Rc8 28. Ne4 Ke7 29. Ke2 f5 30. Nd2 Rb8 31. Nc4 a4 32. Kd2 f4 33. Kc2 Rc8 34. b3 axb3+ 35. axb3 fxg3 36. hxg3 Rf8 37. Rd2 Rf3 1/2-1/2